 Dungeon Crawl Stone Soup version 0.21-a0-274-gc1afaeb (webtiles) character file.

64 Lavandula the Ruffian (level 4, 0/36 HPs)
             Began as a Ghoul Warper on Sept 18, 2017.
             Killed from afar by an orc wizard (5 damage)
             ... with a magic dart
             ... on level 3 of the Dungeon.
             The game lasted 00:03:54 (948 turns).

Lavandula the Ruffian (Ghoul Warper)                 Turns: 948, Time: 00:03:54

Health: 0/36       AC:  3    Str: 14    XL:     4   Next: 12%
Magic:  3/5        EV: 11    Int:  8    God:
Gold:   28         SH:  0    Dex:  9    Spells: 2/6 levels left

rFire    . . .     SeeInvis .     - Unarmed
rCold    + . .     Gourm    .   (no shield)
rNeg     + + +     Faith    .   a - +0 leather armour
rPois    ∞         Spirit   .   (no helmet)
rElec    .         Reflect  .   (no cloak)
rCorr    .         Harm     .   (no gloves)
MR       +....                  (no boots)
Stlth    +.........             (no amulet)
HPRegen  0.00/turn              q - ring of protection from magic
MPRegen  0.09/turn              (no ring)

@: rotting
A: rotting body, claws 1, carnivore 3, cold resistance 1, negative energy
resistance 3, inhibited regeneration, torment resistance, unbreathing
a: no special abilities


You were on level 3 of the Dungeon.
You were not hungry.

You visited 1 branch of the dungeon, and saw 3 of its levels.

You collected 28 gold pieces.

Inventory:

Missiles
 d - 5 tomahawks of dispersal (quivered)
 e - 7 tomahawks
 l - 7 javelins
Armour
 a - a +0 leather armour (worn)
 j - a +0 ring mail
 n - a +0 pair of gloves
Jewellery
 q - a ring of protection from magic (left claw)
Scrolls
 c - 2 scrolls of blinking
 h - a scroll of remove curse {unknown}
 i - a scroll of fog {unknown}
 p - a scroll of immolation {unknown}
Potions
 k - a potion of invisibility {unknown}
 o - 2 potions of curing {unknown}
Books
 b - a book of Spatial Translocations

   Spells                             Type                      Level
   a - Blink                          Translocation                2
   b - Shroud of Golubria             Charms/Translocation         2
   c - Lesser Beckoning               Translocation                3
   d - Gell's Gravitas                Translocation                3
   e - Teleport Other                 Translocation                3
   f - Passage of Golubria            Translocation                4
 m - a book of Misfortune

   Spells                             Type                      Level
   a - Confusing Touch                Hexes                        1
   b - Confuse                        Hexes                        3
   c - Gell's Gravitas                Translocation                3
   d - Petrify                        Transmutation/Earth          4
   e - Metabolic Englaciation         Hexes/Ice                    5
   f - Yara's Violent Unravelling     Hexes/Transmutation          5
Comestibles
 f - a meat ration


   Skills:
 - Level 2.1 Fighting
 - Level 0.8 Throwing
 - Level 0.8 Armour
 - Level 1.7 Dodging
 + Level 4.7 Unarmed Combat
 - Level 1.7 Spellcasting
 - Level 2.6 Translocations


You had 2 spell levels left.
You knew the following spells:

 Your Spells              Type           Power        Failure   Level  Hunger
a - Blink                 Tloc           N/A          22%         2    ###....
b - Shroud of Golubria    Chrm/Tloc      #.........   36%         2    ###....


Dungeon Overview and Level Annotations

Branches:
Dungeon (3/15)

Altars:
Elyvilon
Qazlal


Innate Abilities, Weirdness & Mutations

Your body is rotting away.
You thrive on raw meat.
You are immune to poison.
You have sharp fingernails.
You are carnivorous and can eat meat at any time.
Your flesh is cold resistant. (rC+)
You are immune to negative energy. (rN+++)
You do not regenerate when monsters are visible.
You are immune to unholy pain and torment.
You can survive without breathing.


Message History

The magic dart hits you!
Eat a chunk of flesh? (ye/n/q)
You eat the chunk of flesh.
This raw flesh tastes great!
Something hits you.
You convulse.
You barely miss something. Something hits you.
You convulse.
* * * LOW HITPOINT WARNING * * *
You miss something. Something hits you but does no damage. Something hits you.
* * * LOW HITPOINT WARNING * * *
You convulse.
* * * LOW HITPOINT WARNING * * *
Okay, then.
Casting: Shroud of Golubria
Confirm with . or Enter, or press ? or * to list all spells.
You blink.
Okay, then.
Found a scroll labeled FOWKIWNASI.
You hear some strange, mumbled words.
A magic dart appears from out of thin air!
The magic dart hits you!
You die...

### ##.#######?#
#....@.....#
##o######### #
#.# ###########
.# #)#
#.........###.##
#(# #.#
#..........#
####.# #.#
#...........
#...(#
#.###..#...##..#
#.####
#.#.........#..#
#.#
#.#.#..........#


You could see an orc.

Vanquished Creatures
  4 adders
  A worm (D:3)
  An orc (D:3)
  A giant cockroach (D:3)
  3 goblins
  3 hobgoblins
  7 kobolds
  2 ball pythons
  3 bats
  A rat (D:3)
26 creatures vanquished.

Notes
Turn   | Place    | Note
-------+----------+-------------------------------------------
     0 | D:1      | Lavandula the Ghoul Warper began the quest for the Orb.
     0 | D:1      | Reached XP level 1. HP: 17/17 MP: 2/2
    87 | D:1      | Reached skill level 3 in Unarmed Combat
    87 | D:1      | Reached XP level 2. HP: 1/24 MP: 3/3
   451 | D:2      | Found a white marble altar of Elyvilon.
   471 | D:2      | Learned a level 2 spell: Blink
   474 | D:2      | Learned a level 2 spell: Shroud of Golubria
   505 | D:2      | Reached XP level 3. HP: 10/29 MP: 1/4
   626 | D:3      | Reached skill level 4 in Unarmed Combat
   763 | D:3      | Found a stormy altar of Qazlal.
   877 | D:3      | Reached XP level 4. HP: 31/35 MP: 5/5
   948 | D:3      | Killed from afar by an orc wizard

Vault maps used:
D:1:      shiori_shiawase, minmay_liquid_box
D:2:      elyvilon_altar_5, first_bread
D:3:      nicolae_qazlal_eye_of_the_storm

Skill      XL: |  1  2  3 |
---------------+----------+-----
Unarmed Combat | 3 4 |  4.7
Fighting       | |  2.1
Throwing       | |  0.8
Armour         | |  0.8
Dodging        | |  1.7
Spellcasting   | |  1.7
Translocations | |  2.6

Action                   |  1- 3 |  4- 6 || total
-------------------------+-------+-------++-------
Melee: Unarmed           |    97 |    15 ||   112
 Cast: Blink             |       |     1 ||     1
       Shroud of Golubri |       |     1 ||     1
  Use: Potion            |     1 |       ||     1
  Eat: Chunk             |    18 |     9 ||    27
Armor: Leather armour    |    18 |     5 ||    23
Dodge: Dodged            |    62 |     5 ||    67

Table legend:
 A = Spawn XP
 B = Non-spawn XP
 C = Spawn XP percentage of total XP
 D = Spawn monster count
 E = Non-spawn monster count
 F = Spawn count percentage of total count
 G = Total turns spent on level
                    A         B        C        D         E        F      G
               +---------+---------+-------+---------+---------+-------+---------
         Total |       0 |      92 |   0.0 |       0 |      26 |   0.0 |   948
               +---------+---------+-------+---------+---------+-------+---------
           D:1 |       0 |      22 |   0.0 |       0 |       6 |   0.0 |   411
           D:2 |       0 |      22 |   0.0 |       0 |       7 |   0.0 |   114
           D:3 |       0 |      48 |   0.0 |       0 |      13 |   0.0 |   423
               +---------+---------+-------+---------+---------+-------+---------
